cohdb
Replays
Latest Replays
All Replays
Popular Replays
Top Player Replays
Match Explorer
How It Works
Community
CoH3 Stats
Reddit
Sign in to upload your games and track your stats! →
Sign in with Steam
Match 42420024
Unlisted
Match 42420024
Overview
Messages
Build Orders
End
Selects Airborne Battlegroup
Selects Pathfinders
Pathfinder Squad
Pathfinder Squad
Construct Weapon Support Center
Pathfinder Squad
M1919 Machine Gun Team
Infantry Support Center
Selects Paratrooper Squad Paradrop
Paratrooper Squad Paradrop
Construct Motor Pool
M8 Greyhound Armored Car
Selects Anti-tank Gun Team Paradrop
Engineer Squad
Construct Medical Station
Selects Recon Loiter
Selects Paradrop Reinforcements
Construct Tank Depot
OnCe_Ov3R
Nubbl0r
0
0
Comments
sign in to comment!
No comments posted yet!